 Dungeon Crawl Stone Soup version 0.20-a0-738-gb057e68 (webtiles) character file.

664 nubinia the Covert (level 7, 0/36 HPs)
             Began as a Spriggan Assassin on Feb 23, 2017.
             Was a Follower of Ashenzari.
             Killed by nerve-wracking pain
             ... invoked by a shadow imp
              (7 damage)
             ... on level 6 of the Dungeon.
             The game lasted 00:21:40 (4563 turns).

nubinia the Covert (Spriggan Assassin)              Turns: 4563, Time: 00:21:40

Health: 0/36       AC:  6    Str:  7    XL:     7   Next: 31%
Magic:  8/8        EV: 19    Int: 13    God:    Ashenzari [*.....]
Gold:   109        SH:  0    Dex: 19    Spells: 6/6 levels left

rFire    . . .     SeeInvis +   y - +1 rapier (venom) (curse)
rCold    . . .     Gourm    .   c - +1 robe
rNeg     . . .     Faith    .   (shield restricted)
rPois    .         Spirit   .   (helmet restricted)
rElec    +         Reflect  .   C - +2 cloak
rCorr    +         Harm     .   (gloves unavailable)
MR       +....     Rnd*Rage +   (boots unavailable)
Stlth    ++++++....             (no amulet)
Regen    0.2/turn               q - ring of resist corrosion
MPRegen  0.2/turn               j - ring of stealth

@: very quick
A: unfitting armour, see invisible, berserk 1, herbivore 3, speed 3, electricity
resistance, slow metabolism 2, sturdy frame 1
a: Curse Item, Scrying, Renounce Religion


You were on level 6 of the Dungeon.
You worshipped Ashenzari.
Ashenzari was aware of your devotion.
You were hungry.

You visited 2 branches of the dungeon, and saw 7 of its levels.

You collected 442 gold pieces.
You spent 333 gold pieces at shops.

Inventory:

Hand Weapons
 a - a +2 dagger
 b - a +0 blowgun
 y - a cursed +1 rapier of venom (weapon)
 z - a +2 rapier of speed
 E - a +4 vampiric dagger
Missiles
 e - 21 poisoned needles
 f - 2 curare-tipped needles
 h - 124 stones (quivered)
 u - 47 sling bullets
Armour
 c - a +1 robe (worn)
 C - a +2 cloak (worn)
Jewellery
 j - a ring of stealth (left hand)
 q - a ring of resist corrosion (right hand)
 D - an uncursed ring of protection from fire
 H - an uncursed ring of magical power
Wands
 d - a wand of random effects (25/48)
 B - a wand of flame (10/48)
 F - a wand of lightning (0/15)
 I - a wand of random effects (26/48)
Scrolls
 x - 2 scrolls of teleportation
Potions
 l - 2 potions of mutation
 m - 4 potions of magic
 o - a potion of might {unknown}
 s - a potion of berserk rage
 t - a potion of lignification
 v - a potion of agility
 A - a potion of heal wounds
 J - a potion of invisibility {unknown}
 K - a potion of curing {unknown}
Comestibles
 g - 5 bread rations
 k - 3 royal jellies
 p - 3 fruits


   Skills:
 + Level 3.1 Fighting
 + Level 4.8 Short Blades
 + Level 2.6 Throwing
 + Level 3.4 Dodging
 + Level 10.1 Stealth


You had 6 spell levels left.
You didn't know any spells.

Dungeon Overview and Level Annotations

Branches:
Dungeon (6/15)             Temple (1/1) D:4

Altars:
Ashenzari
Dithmenos
Fedhas
Gozag
Hepliaklqana
Makhleb
Nemelex Xobeh
Okawaru
Ru
Trog
Uskayaw
Vehumet
Wu Jian
Xom
Zin
The Shining One

Shops:
D:4 (   D:5 }*%((   D:6 ?

Annotations:
D:3 Beholder179's ghost, amateur KoAr
D:5 Grinder


Innate Abilities, Weirdness & Mutations

You are very small and have problems with some larger weapons.
You are too small for most types of armour.
You have supernaturally acute eyesight. (SInv)
You are a herbivore.
You cover ground extremely quickly.
You need consume almost no food.
You tend to lose your temper in combat.
You are resistant to electric shocks. (rElec)
Your movements are slightly less encumbered by armour. (ER -2)


Message History

* * * LOW HITPOINT WARNING * * *
Evoke which item? (* to show all) (? for menu, Esc to quit)
Aiming: Lightning Bolt (will waste charges)
Press: ? - help, Shift-Dir - straight line You hear a mighty clap of thunder!
The bolt of lightning hits the two-headed ogre.
The two-headed ogre is moderately wounded.
The bolt of lightning hits the two-headed ogre.
The two-headed ogre is heavily wounded.
Evoking this partially-identified wand wasted a few charges.
You hear a shout! x3
A shadow imp comes into view.
Evoke which item? (* to show all) (? for menu, Esc to quit)
Aiming: Lightning Bolt (will waste charges)
Press: ? - help, Shift-Dir - straight line, f - two-headed ogre
Aim: a two-headed ogre, wielding two giant clubs (severely wounded, poisoned) Nothing appears to happen.
The shadow imp gestures at you. Pain shoots through your body!
You die...

..........#.# #.#...###
####.##.#..## #.#.....##
##.#.#.## #.g..g.... #....#
#.###.#.## ##.#.#
#####g###.#.# #.#.#
#.O.......... ######.#.#
#.#######.#.##
.........#######.#######.#.#
.#####......@.5O#........#.#
###########.#########.# #.#
#.# #.# #.# .[. ...


You could see a two-headed ogre and a shadow imp.

Vanquished Creatures
  Duvessa (D:4)
  An ogre (D:4)
  A bullfrog (D:6)
  Dowan (D:4)
  A crimson imp (D:5)
  A hound (D:5)
  A jelly (D:5)
  An orc priest (D:4)
  Crazy Yiuf (D:4)
  A centaur skeleton (D:6)
  Natasha (D:2)
  2 worker ants (D:4)
  A howler monkey skeleton (D:4)
  4 adders
  An ooze (D:3)
  2 dart slugs
  2 leopard geckos
  6 orcs
  4 giant cockroaches
  7 goblins
  2 hobgoblins (D:3)
  6 jackals
  5 bats
  8 frilled lizards
  A jackal skeleton (D:4)
  5 kobolds
  A quokka skeleton (D:6)
  3 rats
71 creatures vanquished.

Notes
Turn   | Place    | Note
-------+----------+-------------------------------------------
     0 | D:1      | nubinia the Spriggan Assassin began the quest for the Orb.
     0 | D:1      | Reached XP level 1. HP: 10/10 MP: 2/2
    74 | D:1      | Reached skill level 6 in Stealth
   348 | D:1      | Reached XP level 2. HP: 15/15 MP: 3/3
   621 | D:2      | Found a faded altar of an unknown god.
   625 | D:2      | Reached skill level 7 in Stealth
   646 | D:2      | Reached XP level 3. HP: 18/18 MP: 4/4
  1293 | D:2      | Found a shattered altar of Ashenzari.
  1301 | D:2      | Became a worshipper of Ashenzari the Shackled
  1546 | D:2      | Noticed Natasha
  1550 | D:2      | Killed Natasha
  1664 | D:2      | Found a blossoming altar of Fedhas.
  1731 | D:2      | Reached XP level 4. HP: 23/23 MP: 5/5
  1963 | D:4      | Reached skill level 8 in Stealth
  2008 | D:4      | Noticed an ogre
  2011 | D:4      | Killed an ogre
  2011 | D:4      | Reached XP level 5. HP: 25/26 MP: 6/6
  2232 | D:4      | Found Taric's Antique Weapon Boutique.
  2248 | D:4      | Bought a runed rapier for 175 gold pieces
  2266 | D:4      | Noticed Dowan
  2267 | D:4      | Noticed Duvessa
  2284 | D:4      | Killed Dowan
  2284 | D:4      | Reached XP level 6. HP: 32/32 MP: 7/7
  2342 | D:4      | Killed Duvessa
  2342 | D:4      | Reached skill level 9 in Stealth
  2455 | D:4      | Found a staircase to the Ecumenical Temple.
  2461 | Temple   | Entered the Ecumenical Temple
  2994 | D:4      | Found a runed door.
  2998 | D:4      | Noticed Crazy Yiuf
  3002 | D:4      | Killed Crazy Yiuf
  3310 | D:3      | Noticed Beholder179's ghost (amateur KoAr)
  3398 | D:3      | Reached * piety under Ashenzari
  3496 | D:4      | Bought a runed dagger for 125 gold pieces
  3501 | D:4      | Gained mutation: Your movements are slightly less encumbered by armour. (ER -2) [potion of mutation]
  3501 | D:4      | Gained mutation: You tend to lose your temper in combat. [potion of mutation]
  3501 | D:4      | Gained mutation: You are resistant to electric shocks. (rElec) [potion of mutation]
  3519 | D:5      | Entered Level 5 of the Dungeon
  3519 | D:5      | Found Heusmoug's Weapon Shop.
  3667 | D:5      | Found Ymea's Weapon Emporium.
  3702 | D:5      | Noticed Grinder
  3705 | D:5      | Paralysed by Grinder for 5 turns
  3806 | D:5      | Found Bohyol's Food Boutique.
  3808 | D:5      | Reached XP level 7. HP: 36/36 MP: 8/8
  3989 | D:5      | Found a burning altar of Makhleb.
  4049 | D:5      | Noticed an Executioner
  4050 | D:5      | Found a glowing silver altar of Zin.
  4050 | D:5      | Noticed an angel
  4125 | D:5      | Found a hide-covered altar of Uskayaw.
  4138 | D:5      | Found Dupsaus's Gadget Emporium.
  4170 | D:5      | Found Obed's Assorted Antiques.
  4252 | D:5      | Found an ornate altar of the Wu Jian Council.
  4397 | D:6      | Found Rayh's Magic Scroll Boutique.
  4422 | D:6      | Reached skill level 10 in Stealth
  4474 | D:6      | Bought a scroll of remove curse for 33 gold pieces
  4534 | D:6      | Noticed a two-headed ogre
  4563 | D:6      | Killed from afar by a shadow imp

Vault maps used:
D:1:      grunt_arrival_lava_bath, st_stairs_9, minmay_curled_crystal
D:2:      evilmike_ruin_ashenzari, fedhas_altar_3,
          chequers_ecumenical_altar_island, kennysheep_generic_room_3,
          uniq_natasha
D:4:      minmay_temple_entry_hall, serial_shops, shop, first_bread,
          uniq_duvessa, uniq_crazy_yiuf_cottage
D:5:      grunt_temple_overflow_order_and_chaos_2, overflow_temple_1_default,
          lemuel_round_altar, serial_shops, shop, shop, shop, shop, shop,
          uniq_grinder
D:6:      kennysheep_mini, serial_shops, nicolae_shop_waterfront
Temple:   zaba_magenta_temple

Skill      XL: |  1  2  3  4  5  6  7 |
---------------+----------------------+-----
Stealth        | 6 7 8 9 10 | 10.1
Fighting       | 2 3 |  3.1
Short Blades   | 3 4 |  4.8
Dodging        | 2 3 |  3.4
Throwing       | |  2.6

Action                   |  1- 3 |  4- 6 |  7- 9 || total
-------------------------+-------+-------+-------++-------
Melee: Dagger            |   101 |    22 |       ||   123
       Rapier            |       |    51 |    27 ||    78
 Fire: Blowgun           |       |    12 |       ||    12
Invok: Curse Item        |       |       |     1 ||     1
Evoke: Wand              |       |       |     1 ||     1
  Use: Scroll            |     2 |     3 |     5 ||    10
       Potion            |     1 |     2 |       ||     3
 Stab: Sleeping          |    14 |    12 |     8 ||    34
Armor: Robe              |     8 |     3 |     3 ||    14
Dodge: Dodged            |    59 |    34 |    16 ||   109
